 Dungeon Crawl Stone Soup version 0.29.1-1-gd02db69 (webtiles) character file.

Game seed: 9821470653485505670

29 Vaargak the Sneak (level 3, -9/17 HPs)
             Began as a Spriggan Enchanter on Oct 1, 2022.
             Mangled by a worm (10 damage)
             ... on level 2 of the Dungeon.
             The game lasted 00:06:38 (1425 turns).

Vaargak the Sneak (Spriggan Enchanter)              Turns: 1425, Time: 00:06:39

Health: -9/17      AC:  2    Str:  6    XL:     3   Next: 1%
Magic:  2/8        EV: 17    Int: 16    God:
Gold:   63         SH:  0    Dex: 15    Spells: 5/7 levels left

rFire   . . .      SeeInvis +   a - +1 dagger
rCold   . . .      Faith    .   (no shield)
rNeg    . . .      Spirit   .   b - +0 robe
rPois   .          Reflect  .   (helmet restricted)
rElec   .          Harm     .   (no cloak)
rCorr   .          Rampage  .   (gloves unavailable)
Will    .....                   (boots unavailable)
Stlth   +++.......              (no amulet)
HPRegen 0.05/turn               (no ring)
MPRegen 0.11/turn               (no ring)

@: very quick
A: very small, no large weapons, unfitting armour, see invisible, speed 3
a: no special abilities


You were on level 2 of the Dungeon.
You visited 1 branch of the dungeon, and saw 2 of its levels.

You collected 63 gold pieces.

Inventory:

Hand Weapons
 a - a +1 dagger (weapon)
Armour
 b - a +0 robe (worn)
Scrolls
 d - a scroll of enchant armour {unknown}
 f - a scroll of identify {unknown}
 i - a scroll of butterflies {unknown}
 j - a scroll of fear {unknown}
Potions
 c - 2 potions of invisibility
 e - a potion of heal wounds {unknown}
 g - a potion of might {unknown}
 h - 2 potions of curing {unknown}


   Skills:
 * Level 0.6 Fighting
 + Level 1.3 Short Blades
 + Level 2.8 Dodging
 + Level 5.1 Stealth
 + Level 2.8 Spellcasting
 + Level 4.1 Hexes


You had 5 spell levels left.
You knew the following spells:

 Your Spells              Type           Power      Damage    Failure   Level
a - Ensorcelled Hibernat  Hex/Ice        18%        N/A       12%         2

Your spell library contained the following spells:

 Spells                   Type           Power      Damage    Failure   Level
 Confusing Touch          Hex            15%        N/A       11%         3
 Tukima's Dance           Hex            15%        N/A       11%         3
 Dazzling Flash           Conj/Hex       16%        N/A       24%         3


Dungeon Overview and Level Annotations

Branches:
Dungeon (2/15)

Altars:


Innate Abilities, Weirdness & Mutations

You are very small and have problems with some larger weapons.
You are too small for most types of armour.
You have supernaturally acute eyesight. (SInv)
You cover ground extremely quickly. (Speed+++)


Message History

You impale the hobgoblin!!
You kill the hobgoblin!
You have reached level 3!
Your experience leads to an increase in your attributes!
Increase (S)trength, (I)ntelligence, or (D)exterity?
You feel stronger. x2
You start resting.
A worm is nearby!
Casting: Ensorcelled Hibernation (safe; 12% risk of failure)
Confirm with . or Enter, or press ? or * to list all spells.
Aiming: Ensorcelled Hibernation (safe; 12% risk of failure)
Press: ? - help, Shift-Dir - straight line, f - worm
Aim: a worm (chance to affect: 51%)
The worm resists with some effort.
Casting: Ensorcelled Hibernation (safe; 12% risk of failure)
Confirm with . or Enter, or press ? or * to list all spells.
You don't have enough magic to cast this spell.
Unknown command.
You hit the worm but do no damage. You hit the worm.
The worm is lightly wounded.
The worm misses you.
You hit the worm.
The worm is lightly wounded.
You hit the worm.
The worm is moderately wounded.
The worm bites you.
You barely miss the worm.
The worm is moderately wounded.
You hit the worm.
The worm is heavily wounded.
The worm bites you!
* * * LOW HITPOINT WARNING * * *
You barely miss the worm.
The worm is moderately wounded.
You hit the worm but do no damage.
The worm is moderately wounded.
The worm bites you!
Ouch! That really hurt!
You die...

.## .. .. #
#. ..###
#.##
.....##..#
#...#w#
#..@######
##<.......#
###.####.#
.# .. #..
###


You could see a worm.

Vanquished Creatures
  2 dart slugs
  2 ball pythons (D:1)
  4 bats (D:1)
  An endoplasm (D:1)
  2 goblins (D:1)
  4 hobgoblins
  2 quokkas (D:1)
  2 kobolds (D:1)
  3 rats (D:1)
22 creatures vanquished.

Notes
Turn   | Place    | Note
-------+----------+-------------------------------------------
     0 | D:1      | Vaargak the Spriggan Enchanter began the quest for the Orb.
     0 | D:1      | Reached XP level 1. HP: 9/9 MP: 5/5
   189 | D:1      | Reached XP level 2. HP: 13/13 MP: 6/6
   417 | D:1      | Learned a level 2 spell: Ensorcelled Hibernation
   583 | D:1      | Found a faded altar of an unknown god.
   988 | D:1      | Reached skill level 5 in Stealth
  1409 | D:2      | Reached XP level 3. HP: 12/17 MP: 2/8
  1425 | D:2      | Mangled by a worm

Illustrated notes

Levels and vault maps discovered:
D:1:      dreamdust_arrival_beginning_and_end, layout_basic,
          basic_ecumenical_altar
D:2:      layout_rooms, basic_altar

Skill      XL: |  1  2 |
---------------+-------+-----
Stealth        | 5 |  5.1
Hexes          | 4 |  4.1
Fighting       | |  0.6
Short Blades   | |  1.3
Dodging        | |  2.8
Spellcasting   | |  2.8

Action                   || total
-------------------------++-------
Melee: Dagger            ||    52
 Cast: Ensorcelled Hiber ||    12
 Stab: Sleeping          ||    12
Armor: Robe              ||     2
Dodge: Dodged            ||    25
